 Dungeon Crawl Stone Soup version 0.19.4 (webtiles) character file.

638 StantardToaster the Chopper (level 7, 0/60 HPs)
             Began as a Minotaur Fighter on Feb 3, 2017.
             Slain by a gnoll
             ... wielding a +0 whip
              (5 damage)
             ... on level 5 of the Dungeon.
             The game lasted 00:13:17 (1651 turns).

StantardToaster the Chopper (Minotaur Fighter)      Turns: 1651, Time: 00:13:18

Health: 0/60       AC: 11    Str: 26    XL:     7   Next: 25%
Magic:  6/6        EV:  8    Int:  5    God:
Gold:   109        SH: 10    Dex: 11    Spells: 0 memorised, 6 levels left

rFire  . . .     SeeInvis .     a - +0 war axe
rCold  . . .     Gourm    .     e - +0 scale mail
rNeg   . . .     Faith    .     c - +0 shield
rPois  .         Spirit   .     (helmet unavailable)
rElec  .         Reflect  .     (no cloak)
rCorr  .         Harm     .     (no gloves)
MR     .....                    (no boots)
Stlth  ..........               (no amulet)
                                (no ring)
                                (no ring)

@: mighty
A: retaliatory headbutt, horns 3, iridescent scales 1, thin metallic scales 1
a: no special abilities


You were on level 5 of the Dungeon.
You were not hungry.

You visited 1 branch of the dungeon, and saw 5 of its levels.

You collected 109 gold pieces.

Inventory:

Hand Weapons
 a - a +0 war axe (weapon)
Armour
 c - a +0 shield (worn)
 e - a +0 scale mail (worn)
Scrolls
 b - a scroll of recharging {unknown}
 h - 2 scrolls of amnesia
Potions
 i - a potion of flight
 j - a potion of resistance {unknown}
Comestibles
 f - 4 bread rations
 g - 2 meat rations


   Skills:
 + Level 4.7 Fighting
 * Level 7.5 Axes
 + Level 5.1 Armour
 + Level 0.9 Dodging
 + Level 5.0 Shields


You had 6 spell levels left.
You didn't know any spells.

Dungeon Overview and Level Annotations

Branches:
Dungeon (5/15)
 Temple: D:4-7

Altars:


Innate Abilities, Weirdness & Mutations

You reflexively headbutt those who attack you in melee.
You have a pair of large horns on your head.
You are partially covered in iridescent scales. (AC +2)
You are partially covered in thin metallic scales. (AC +2)


Message History

You kill the gnoll!
The gnoll hits you from afar with a spear!
* * * LOW HITPOINT WARNING * * *
An adder comes into view.
The gnoll shouts!
The gnoll hits you but does no damage.
Things that are here:
a spear; a gnoll corpse You hit the gnoll.
The gnoll is moderately wounded.
You block the gnoll's attack.
A gnoll comes into view. It is wielding a flail.
The gnoll shouts!
You slash the gnoll!
You kill the gnoll! 2 gnolls come into view.
You barely miss the gnoll.
The gnoll shouts! x2
The gnoll hits you but does no damage. The gnoll hits you with a whip.
You die...

.###...####......#...#....####
P.............................
≈≈≈≈≈≈≈≈≈≈≈≈≈≈≈≈≈≈..).≈≈≈≈≈≈≈≈≈
≈≈≈≈≈≈≈≈≈≈≈≈≈≈≈≈≈≈..†.≈≈≈≈≈≈≈≈≈≈
≈#####≈≈≈≈≈≈≈≈≈≈≈≈..†.≈≈≈≈≈≈≈≈≈≈
≈#.g #..........................
#.. #############'g''##########
### #.Y#..#######gg..##
#..#..'))))@gggg.g.
#..#..#######ggg.## #######
##gg##


ggg. ...... .?..... gO..... ++##### You could see 15 gnolls.

Vanquished Creatures
  Menkaure (D:5)
  A sky beast (D:5)
  An ogre (D:4)
  An orc priest (D:3)
  2 iguanas (D:5)
  Ijyb (D:2)
  A gnoll shaman (D:5)
  An orc wizard (D:5)
  13 gnolls (D:5)
  2 worms
  2 leopard geckos
  6 orcs
  2 bats (D:1)
  2 giant cockroaches
  3 goblins (D:2)
  12 jackals
  2 kobolds (D:1)
  A quokka (D:5)
  2 frilled lizards
  3 rats
59 creatures vanquished.

Notes
Turn   | Place    | Note
-------+----------+-------------------------------------------
     0 | D:1      | StantardToaster the Minotaur Fighter began the quest for the Orb.
     0 | D:1      | Reached XP level 1. HP: 19/19 MP: 0/0
   161 | D:1      | Reached XP level 2. HP: 27/27 MP: 1/1
   316 | D:2      | Noticed Ijyb
   345 | D:2      | Killed Ijyb
   345 | D:2      | Reached skill level 3 in Axes
   345 | D:2      | Reached XP level 3. HP: 31/33 MP: 2/2
   815 | D:3      | Reached XP level 4. HP: 24/40 MP: 3/3
   822 | D:3      | Reached skill level 4 in Axes
   856 | D:4      | Noticed an ogre
   866 | D:4      | Killed an ogre
   866 | D:4      | Reached XP level 5. HP: 10/46 MP: 4/4
  1231 | D:5      | Entered Level 5 of the Dungeon
  1266 | D:5      | Noticed Menkaure
  1280 | D:5      | Killed Menkaure
  1280 | D:5      | Reached skill level 5 in Axes
  1280 | D:5      | Reached XP level 6. HP: 35/53 MP: 5/5
  1318 | D:5      | Reached skill level 6 in Axes
  1325 | D:5      | Gained mutation: You have a pair of large horns on your head. [potion of mutation]
  1325 | D:5      | Gained mutation: You are partially covered in thin metallic scales. (AC +2) [potion of mutation]
  1325 | D:5      | Gained mutation: You are partially covered in iridescent scales. (AC +2) [potion of mutation]
  1544 | D:5      | Noticed a sky beast
  1555 | D:5      | Killed a sky beast
  1555 | D:5      | Reached skill level 5 in Armour
  1555 | D:5      | Reached skill level 5 in Shields
  1594 | D:5      | Noticed a polar bear
  1601 | D:5      | Reached XP level 7. HP: 45/60 MP: 6/6
  1604 | D:5      | Noticed an orb spider
  1604 | D:5      | a polar bear changed into an orb spider
  1612 | D:5      | Reached skill level 7 in Axes
  1616 | D:5      | Noticed a harpy
  1616 | D:5      | an orb spider changed into a harpy
  1623 | D:5      | Noticed a yak
  1623 | D:5      | a harpy changed into a yak
  1651 | D:5      | Slain by a gnoll

Skill      XL: |  1  2  3  4  5  6  7 |
---------------+----------------------+-----
Shields        | 4 5 |  5.0
Axes           | 3 4 5 6 7 |  7.5
Armour         | 4 5 |  5.1
Fighting       | 4 |  4.7
Dodging        | |  0.9

Action                   |  1- 3 |  4- 6 |  7- 9 || total
-------------------------+-------+-------+-------++-------
Melee: War axe           |    80 |    48 |    40 ||   168
       Headbutt          |     8 |    13 |     3 ||    24
  Use: Scroll            |     4 |     2 |       ||     6
       Potion            |       |     3 |     1 ||     4
  Eat: Bread ration      |       |     1 |       ||     1
Armor: Scale mail        |    25 |    18 |    22 ||    65
Dodge: Dodged            |    26 |    20 |    12 ||    58
Block: Shield            |    41 |    26 |    28 ||    95
